 Dungeon Crawl Stone Soup version 0.28-a0-769-g550dbda0cd (webtiles) character file.

Game seed: 1923652328782397994

595370 lessens the Ruinous (level 26, -12/232 HPs)
             Began as a Grey Draconian Ice Elementalist on Oct 2, 2021.
             Was a High Priest of Sif Muna.
             Mangled by an Orb Guardian (25 damage)
             ... on level 5 of the Realm of Zot on Nov 1, 2021.
             The game lasted 04:08:58 (104634 turns).

lessens the Ruinous (DrIE)                        Turns: 104634, Time: 04:08:59

Health: -12/232    AC: 28    Str:  5 (9)  XL:     26   Next: 33%
Magic:  57/57      EV: 19    Int: 22 (24) God:    Sif Muna [*****.]
Gold:   8802       SH:  0    Dex: 16 (19) Spells: 3/67 levels left

rFire   + + .      SeeInvis .   T - +2 quarterstaff of Malaise {venom, rF++ rC+}
rCold   + + .      Faith    .   (shield currently unavailable)
rNeg    + . .      Spirit   .   (armour unavailable)
rPois   +          Reflect  .   f - +2 hat {Stlth+}
rElec   .          Harm     .   L - +2 ratskin cloak {*Rats rPois rN+ Str-1 Int-1 Dex+1}
rCorr   .          Rampage  .   W - +2 pair of gloves {Stlth+}
Will    ++...                   E - +2 pair of boots
Stlth   ++........              y - amulet of regeneration
HPRegen 1.48/turn               t - ring of magical power
MPRegen 0.35/turn               U - ring "Zedoeh" {rC+ Will+ Dex+3}

@: marked, flying, contaminated, slowed, glowing, studying Staves, unable to
read, very slow
A: AC +17, amphibious, unfitting armour, cold-blooded, big wings, deterioration
1, passive freeze, inability to read while threatened
}: 3/15 runes: barnacled, silver, gossamer
a: Renounce Religion, Channel Magic, Forget Spell, Divine Exegesis


You were on level 5 of the Realm of Zot.
You worshipped Sif Muna.
Sif Muna was extremely pleased with you.
You visited 11 branches of the dungeon, and saw 52 of its levels.
You also visited: Ossuary and Bailey.

You collected 12484 gold pieces.
You spent 3682 gold pieces at shops.

Inventory:

Hand Weapons
 T - the +2 quarterstaff of Malaise (weapon) {venom, rF++ rC+}
   (You found it on level 12 of the Dungeon)

   It poisons the flesh of those it strikes.
   rF:        It greatly protects you from fire.
   rC:        It protects you from cold.
Missiles
 n - 6 silver boomerangs
 p - 1633 stones
 v - 22 curare-tipped darts
Armour
 f - a +2 hat of stealth (worn)
 E - a +2 pair of boots (worn)
 L - the +2 ratskin cloak (worn) {*Rats rPois rN+ Str-1 Int-1 Dex+1}
   (You bought it in a shop on level 2 of the Orcish Mines)

   When the wearer is hurt, rats may emerge from it to assist them.
   Str:       It affects your strength (-1).
   Int:       It affects your intelligence (-1).
   Dex:       It affects your dexterity (+1).
   rPois:     It protects you from poison.
   rN:        It protects you from negative energy.
 W - a +2 pair of gloves of stealth (worn)
Magical Staves
 d - a staff of cold
 u - a staff of conjuration
Jewellery
 k - the amulet of Intercession {Acrobat rN+}
   (You found it on level 2 of the Realm of Zot)

   [amulet of the acrobat]

   It increases your evasion while moving and waiting.
   rN:        It protects you from negative energy.
 t - a ring of magical power (left hand)
 y - an amulet of regeneration (around neck)
 B - a ring of wizardry
 R - the ring "Pagrev" {Fly rC+ Str+6 SInv}
   (You found it on level 4 of the Shoals)

   [ring of strength]

   Str:       It affects your strength (+6).
   rC:        It protects you from cold.
   SInv:      It lets you see invisible.
   Fly:       It grants you flight.
 U - the ring "Zedoeh" (right hand) {rC+ Will+ Dex+3}
   (You found it on level 12 of the Dungeon)

   [ring of willpower]

   Dex:       It affects your dexterity (+3).
   rC:        It protects you from cold.
   Will:      It increases your willpower.
Wands
 q - a wand of digging (11)
 M - a wand of iceblast (63)
 Q - a wand of mindburst (38)
 S - a wand of flame (17)
 Y - a wand of acid (15)
Scrolls
 c - 3 scrolls of summoning
 e - 10 scrolls of magic mapping
 o - 9 scrolls of teleportation
 r - 4 scrolls of fear
 s - 5 scrolls of enchant armour
 x - 4 scrolls of fog
 C - 32 scrolls of identify
 F - 8 scrolls of enchant weapon
 G - 3 scrolls of brand weapon
 J - 2 scrolls of silence
 V - 2 scrolls of blinking
 X - 5 scrolls of holy word
Potions
 a - 4 potions of ambrosia
 g - a potion of brilliance
 h - 5 potions of invisibility
 i - 16 potions of curing
 j - a potion of cancellation {unknown}
 l - 8 potions of might
 w - 10 potions of flight
 D - 3 potions of berserk rage
 I - 3 potions of magic
 K - 4 potions of resistance
 N - a potion of heal wounds
 O - 5 potions of mutation
 P - 2 potions of haste
 Z - 10 potions of lignification
Miscellaneous
 b - a phantom mirror
 m - a phial of floods
 z - a condenser vane


   Skills:
 + Level 17.8 Fighting
 - Level 14.0 Staves
 + Level 11.9 Dodging
 - Level 1.7 Stealth
 - Level 21.2 Spellcasting
 - Level 23.7 Conjurations
 - Level 2.8 Hexes
 - Level 23.5 Ice Magic
 - Level 9.0 Earth Magic
 + Level 14.1 Invocations
 - Level 5.0 Evocations


You had 3 spell levels left.
You knew the following spells:

 Your Spells              Type           Power      Damage    Failure   Level
a - Freeze                Ice            100%       1d11      0%          1
b - Frozen Ramparts       Ice            100%       1d12      0%          3
c - Ozocubu's Armour      Ice            91%        N/A       0%          3
d - Hailstorm             Conj/Ice       91%        3d18      0%          4
f - Freezing Cloud        Conj/Ice/Air   37%        6-21      1%          5
g - Orb of Destruction    Conj           45%        9d15      1%          7
h - Ozocubu's Refrigerat  Ice            45%        4d14      1%          7
i - Iron Shot             Conj/Erth      38%        9d8       1%          6
j - Polar Vortex          Ice            45%        N/A       13%         9
B - Blink                 Tloc           46%        N/A       3%          2
P - Borgnjor's Revivific  Necr           11%        N/A       100%        8
Y - Death's Door          Necr           11%        N/A       100%        9

Your spell library contained the following spells:

 Spells                   Type           Power      Damage    Failure   Level
 Foxfire                  Conj/Fire      100%       2x1d9     0%          1
 Magic Dart               Conj           100%       1d8       0%          1
 Shock                    Conj/Air       100%       1d9       0%          1
 Ensorcelled Hibernation  Hex/Ice        100%       N/A       0%          2
 Searing Ray              Conj           100%       2d8       0%          2
 Stone Arrow              Conj/Erth      100%       3d13      0%          3
 Animate Skeleton         Necr           46%        N/A       1%          1
 Apportation              Tloc           46%        N/A       1%          1
 Beastly Appendage        Tmut           46%        N/A       1%          1
 Pain                     Necr           92%        1d8       1%          1
 Sandblast                Erth           100%       2d20      1%          1
 Slow                     Hex            100%       N/A       1%          1
 Sting                    Tmut/Pois      92%        1d7       1%          1
 Summon Small Mammal      Summ           92%        N/A       1%          1
 Passwall                 Tmut/Erth      35%        N/A       1%          2
 Static Discharge         Conj/Air       66%        N/A       1%          2
 Confusing Touch          Hex            35%        N/A       1%          3
 Conjure Flame            Conj/Fire      66%        6-21      1%          3
 Dazzling Flash           Conj/Hex       100%       N/A       1%          3
 Mephitic Cloud           Conj/Pois/Air  55%        N/A       1%          3
 Tukima's Dance           Hex            35%        N/A       1%          3
 Call Imp                 Summ           23%        N/A       3%          2
 Corpse Rot               Necr/Air       46%        N/A       3%          2
 Poisonous Vapours        Pois/Air       46%        N/A       3%          2
 Scorch                   Fire           46%        2d7       3%          2
 Sublimation of Blood     Necr           11%        N/A       3%          2
 Wereblood                Tmut           23%        N/A       3%          2
 Inner Flame              Hex/Fire       29%        N/A       3%          3
 Portal Projectile        Hex/Tloc       58%        N/A       3%          3
 Summon Guardian Golem    Hex/Summ       29%        N/A       3%          3
 Call Canine Familiar     Summ           23%        N/A       6%          3
 Gell's Gravitas          Tloc           11%        N/A       6%          3
 Ignite Poison            Fire/Tmut/Pois 23%        N/A       6%          3
 Lesser Beckoning         Tloc           23%        N/A       6%          3
 Spider Form              Tmut/Pois      11%        N/A       6%          3
 Swiftness                Air            23%        N/A       6%          3
 Teleport Other           Tloc           23%        N/A       6%          3
 Vampiric Draining        Necr           11%        2d7       6%          3
 Iskenderun's Battlesphe  Conj           91%        2d14      0%          5
 Flame Wave               Conj/Fire      66%        3d12      1%          4
 Fulminant Prism          Conj/Hex       34%        3d16      1%          4
 Ice Form                 Ice/Tmut       66%        N/A       1%          4
 Iskenderun's Mystic Bla  Conj/Tloc      66%        2d14      1%          4
 Leda's Liquefaction      Hex/Erth       24%        N/A       1%          4
 Sticky Flame             Conj/Fire      66%        2d8       1%          4
 Summon Ice Beast         Ice/Summ       66%        N/A       1%          4
 Fireball                 Conj/Fire      33%        3d14      1%          5
 Irradiate                Conj/Tmut      33%        3d24      1%          5
 Lee's Rapid Deconstruct  Erth           29%        3d16*     1%          5
 Lightning Bolt           Conj/Air       33%        1d50      1%          5
 Metabolic Englaciation   Hex/Ice        34%        N/A       1%          5
 Conjure Ball Lightning   Conj/Air       33%        3x3d11    2%          6
 Simulacrum               Ice/Necr       33%        N/A       2%          6
 Starburst                Conj/Fire      33%        6d10      2%          6
 Petrify                  Tmut/Erth      43%        N/A       3%          4
 Cause Fear               Hex            17%        N/A       6%          4
 Borgnjor's Vile Clutch   Necr/Erth      21%        N/A       9%          5
 Spellforged Servitor     Conj/Summ      33%        N/A       12%         7
 Lehudib's Crystal Spear  Conj/Erth      38%        10d10     16%         8
 Airstrike                Air            11%        N/A       19%         4
 Animate Dead             Necr           11%        N/A       19%         4
 Dispel Undead            Necr           23%        3d12      19%         4
 Olgreb's Toxic Radiance  Pois           23%        N/A       19%         4
 Passage of Golubria      Tloc           23%        N/A       19%         4
 Summon Lightning Spire   Summ/Air       23%        N/A       19%         4
 Silence                  Hex/Air        14%        N/A       30%         5
 Summon Mana Viper        Hex/Summ       29%        N/A       30%         5
 Yara's Violent Unravell  Hex/Tmut       14%        3d7       30%         5
 Statue Form              Tmut/Erth      28%        N/A       43%         6
 Agony                    Necr           23%        N/A       47%         5
 Alistair's Intoxication  Tmut/Pois      15%        N/A       47%         5
 Blade Hands              Tmut           11%        N/A       47%         5
 Excruciating Wounds      Necr           11%        N/A       47%         5
 Manifold Assault         Tloc           23%        N/A       47%         5
 Summon Forest            Summ/Tloc      11%        N/A       47%         5
 Invisibility             Hex            17%        N/A       65%         6
 Death Channel            Necr           11%        N/A       96%         6
 Dispersal                Tloc           11%        N/A       96%         6
 Eringya's Noxious Bog    Tmut/Pois      11%        N/A       96%         6
 Summon Cactus Giant      Summ           11%        N/A       96%         6
 Dragon Form              Tmut           11%        N/A       100%        7
 Haunt                    Necr/Summ      11%        N/A       100%        7
 Malign Gateway           Summ/Tloc      11%        N/A       100%        7
 Monstrous Menagerie      Summ           11%        N/A       100%        7
 Storm Form               Tmut/Air       11%        N/A       100%        7
 Discord                  Hex            17%        N/A       100%        8
 Disjunction              Tloc           11%        N/A       100%        8
 Ignition                 Fire           11%        3d5       100%        8
 Infestation              Necr           11%        N/A       100%        8
 Maxwell's Capacitive Co  Air            11%        ∞         100%        8
 Necromutation            Tmut/Necr      11%        N/A       100%        8
 Summon Horrible Things   Summ           11%        N/A       100%        8
 Chain Lightning          Conj/Air       33%        3d44      100%        9
 Fire Storm               Conj/Fire      33%        8d8       100%        9
 Shatter                  Erth           29%        3d24*     100%        9


Dungeon Overview and Level Annotations

Branches:
Dungeon (15/15)            Temple (1/1) D:5            Lair (6/6) D:10
 Shoals (4/4) Lair:4       Spider (4/4) Lair:2        Slime (0/5) Lair:6
    Orc (2/2) D:11            Elf (3/3) Orc:2        Vaults (5/5) D:14
  Crypt (3/3) Vaults:3       Tomb (0/3) Crypt:3      Depths (4/4) D:15
    Zot (5/5) Depths:4    Ossuary (visited)          Bailey (visited)

Altars:
Ashenzari
Cheibriados
Dithmenos
Elyvilon
Fedhas
Gozag
Hepliaklqana
Kikubaaqudgha
Makhleb
Nemelex Xobeh
Okawaru
Qazlal
Ru
Sif Muna
Trog
Uskayaw
Vehumet
Wu Jian
Xom
Yredelemnul
Zin
The Shining One
Beogh

Shops:
D:6 *   D:13 *   Orc:2 **[[   Elf:1 *   Elf:2 ?   Elf:3 (((   Shoals:4 ?
Vaults:1 :   Vaults:3 !   Zot:1 *   Depths:1 [   Depths:2 *[(   Depths:4 =:=

Portals:
Hell: Depths:1 Depths:2 Depths:3 Depths:4
Abyss: Depths:3
Pandemonium: Depths:2
Ziggurat: Depths:2

Annotations:
D:8 3 runed translucent doors, robertstho's ghost, novice DjFE
D:11 exclusion: obsidian statue
D:12 exclusion: 4 doors
D:13 1 runed translucent door, Guoxigoqam's ghost, journeyman DrTm
Lair:1 2 runed translucent doors, Zihiad's ghost, journeyman DgTm
Lair:2 exclusion: oklob plant
Depths:4 5 runed translucent doors
Zot:4 exclusion: obsidian statue


Innate Abilities, Weirdness & Mutations

Your dull iron-grey scales are very hard. (AC +17)
You are amphibious.
You cannot fit into any form of body armour.
You are cold-blooded and may be slowed by cold attacks.
Your large and strong wings let you fly.
Your body sometimes deteriorates upon taking damage.
A frigid envelope surrounds you and freezes all who hurt you.
You sometimes lose the ability to read scrolls when taking damage.


Message History

The bolt of lightning hits the black draconian.
The black draconian completely resists.
The bolt of lightning hits the black draconian.
The black draconian completely resists.
The bolt of lightning hits you!!
* * * LOW HITPOINT WARNING * * *
A dread lich comes into view.
A green draconian comes into view. It is wielding a +0 mace.
The Orb Guardian pulls the alarm!
The alarm trap emits a blaring wail!
The mark upon you grows brighter. The Orb Guardian hits you!!
* * * LOW HITPOINT WARNING * * *
The Killer Klown blinks!
The Orb Guardian hits you but does no damage.
The Orb Guardian is very cold.
The Orb Guardian is lightly wounded.
Your hell rat bites the electric golem!
Something closely misses your hell rat.
The electric golem hurls lightning at you.
The bolt of lightning hits the black draconian.
The black draconian completely resists.
The bolt of lightning hits the black draconian.
The black draconian completely resists.
The bolt of lightning misses you. The Orb Guardian hits you!
* * * LOW HITPOINT WARNING * * *
The Orb Guardian is very cold.
The Orb Guardian is lightly wounded.
The dread lich casts a spell.
The Orb Guardian completely misses you. The Orb Guardian hits you.
* * * LOW HITPOINT WARNING * * *
The Orb Guardian is very cold.
The Orb Guardian is lightly wounded.
Your hell rat bites the electric golem!
Something hits your hell rat.
You cannot read scrolls in your current state!
The electric golem blinks!
The electric golem fails to trigger a net trap.
You hear a loud "Zot"!
The black draconian breathes lightning at you.
The bolt of lightning hits the black draconian.
The black draconian completely resists.
The bolt of lightning misses you. The Orb Guardian hits you!!
You die...

........## .........##
#######...### .
##....##.... ..
###..^..... ...
#▓▓▓▓▓▓▓▓▓▓▓##...
▓▓▓▓.......$.d..
##▓..........L....
##.......@XX..p..1. ▓▓▓▓▓▓
#^.....qddX........
.....▓▓▓...d.pd.dq.....^..
.....^▓▓....?*D.d.........
.......▓....d..d..........
.0^.p.§:!q§.....d.........
......)▓...r....9.........
.p.(..▓▓..^.....^.........
.....▓▓▓..................


You could see an orb of fire, 2 Killer Klowns, an electric golem (ally target),
a shadow dragon, a green draconian monk, a black draconian knight, a dread lich,
5 draconians, 3 draconians, a red draconian, a white draconian, a white
draconian stormcaller, 3 Orb Guardians and a friendly hell rat.

Vanquished Creatures
  2 dread liches
  The ghost of demibob the Conqueror, a master OgBe of Trog (Zot:4)
  2 orbs of fire
  An ancient lich (Vaults:5)
  Mara (Depths:1)
  A juggernaut (Depths:3)
  Sojobo (Crypt:1)
  5 Killer Klowns
  Saint Roka (Depths:2)
  A curse toe (Crypt:3)
  16 golden dragons
  A pearl dragon (Depths:3)
  An electric golem (Zot:5)
  9 tentacled monstrosities
  A Hell Sentinel (Zot:2)
  4 liches
  A shard shrike skeleton (Crypt:3)
  22 Orb Guardians (Zot:5)
  A walking earthen tome (Depths:3)
  6 titans
  6 quicksilver dragons
  Asterion (Vaults:1)
  The ghost of mathmaestro the Grappler, an adept TrMo of Jiyva (Shoals:4)
  3 deep elf master archers (Elf:3)
  A walking frostbound tome (Depths:3)
  A walking divine tome (Depths:3)
  9 ancient champions
  3 deep elf blademasters (Elf:3)
  3 krakens
  8 sphinxes
  8 death cobs
  11 shadow dragons
  10 storm dragons
  Roxanne (Shoals:2)
  6 revenants
  7 tengu reavers
  3 draconian monks
  2 iron dragons
  Louise (Depths:3)
  14 vault wardens
  4 draconian knights (Zot:1)
  5 fire giants
  10 draconian scorchers
  5 frost giants
  3 draconian shifters
  A balrug (Depths:2)
  4 ghost moths
  5 deep elf sorcerers
  Aizul (Depths:1)
  2 orc warlords
  4 draconian stormcallers
  6 emperor scorpions
  7 deep elf elementalists (Elf:3)
  14 ghouls
  2 curse skulls
  5 draconian annihilators (Zot:1)
  A reaper (Crypt:2)
  19 ironbound preservers
  2 war gargoyles (Vaults:5)
  6 vampire knights
  16 stone giants
  36 very ugly things
  3 caustic shrike skeletons (Crypt:3)
  19 green draconians
  16 black draconians
  10 deep elf annihilators
  4 deep elf demonologists
  10 red draconians
  5 entropy weavers
  7 dire elephants
  14 white draconians
  13 yellow draconians
  5 eidola
  6 spark wasps
  12 purple draconians
  6 deep elf death magi
  Snorg (D:10)
  3 merfolk javelineers
  11 ettins
  9 fire dragons
  A crystal guardian (Vaults:4)
  3 deep elf high priests
  9 jiangshi
  2 fenstrider witch zombies
  Josephine (D:13)
  2 yaktaur captains
  6 merfolk impalers
  8 great orbs of eyes
  8 ice dragons
  13 boulder beetles
  31 vault guards
  6 hydras
  9 ironbound thunderhulks
  A peacekeeper (Vaults:4)
  A rakshasa (Depths:1)
  Erolcha (D:10)
  A catoblepas (Lair:5)
  An alligator snapping turtle (Shoals:3)
  9 ironbound frosthearts
  A hell beast (Depths:4)
  5 merfolk aquamancers
  3 spriggan air magi
  6 death yaks (Lair:6)
  A death knight (Vaults:3)
  24 centaur warriors
  6 two-headed ogres
  10 deep troll shamans
  13 deep troll earth magi
  5 satyrs
  5 tengu warriors
  6 vampire magi
  3 orc high priests (Orc:2)
  25 dancing weapons
  Urug (Lair:3)
  4 spriggan berserkers
  3 sun demons
  Sonja (Lair:2)
  A shock serpent (shapeshifter) (Vaults:5)
  2 soul eaters
  5 hell knights
  18 deep elf knights
  2 salamander mystics
  3 shadow wraiths
  15 sea snakes
  A storm dragon skeleton (Crypt:3)
  31 skeletal warriors
  63 deep trolls
  10 iron trolls
  2 goliath frogs (Lair:6)
  3 flayed ghosts
  5 titan skeletons (Crypt:3)
  A bunyip skeleton (Crypt:3)
  2 glowing orange brains
  10 wizards
  A swamp dragon (Zot:2)
  14 deep elf archers
  2 bog bodies (Crypt:3)
  A harpy (shapeshifter) (D:14)
  8 necromancers
  An orange crystal statue (Depths:1)
  8 phantasmal warriors
  A sphinx zombie (Vaults:3)
  12 lindwurms
  14 ironbound convokers
  11 orc knights
  23 harpies
  29 deep elf pyromancers
  An iron giant skeleton (Crypt:2)
  11 oklob plants (Zot:3)
  12 orb spiders
  34 wolf spiders
  7 orc sorcerers
  13 manticores
  19 deep elf zephyrmancers
  39 ugly things
  8 fauns
  7 salamanders
  10 cyclopes
  A shining eye (shapeshifter) (Depths:1)
  40 slime creatures
  28 moths of wrath
  2 stone giant skeletons
  2 guardian serpents (shapeshifter)
  7 black mambas
  2 guardian serpents (Depths:2)
  8 elephants (Lair:4)
  A naga mage (D:15)
  9 merfolk sirens
  A frost giant skeleton (Vaults:4)
  A cane toad (shapeshifter) (Elf:1)
  4 water nymphs
  A black mamba (shapeshifter) (D:13)
  A centaur zombie (D:10)
  4 gargoyles
  A torpor snail (Lair:6)
  A smoke demon (Depths:4)
  15 vault sentinels
  A green draconian zombie (Crypt:2)
  17 cane toads
  A black draconian zombie (Crypt:1)
  A yaktaur zombie (Vaults:3)
  3 spriggan skeletons (Crypt:3)
  2 naga skeletons (Crypt:3)
  2 rime drakes
  A dire elephant skeleton (Crypt:3)
  40 yaktaurs
  An elf zombie (Vaults:1)
  9 komodo dragons
  3 efreet
  15 demonic crawlers
  A komodo dragon (shapeshifter) (Vaults:5)
  3 human skeletons
  A swamp worm zombie (Crypt:2)
  6 freezing wraiths
  8 kobold demonologists (D:12)
  6 guardian mummies
  4 tengu conjurers
  A hellwing (Depths:2)
  A yaktaur skeleton (Vaults:4)
  16 merfolk
  33 jumping spiders
  12 trolls
  5 hornets
  3 polar bears
  3 tyrant leeches (Lair:6)
  A hydra skeleton (Crypt:3)
  4 wind drakes
  Prince Ribbit (D:5)
  A harpy skeleton (Crypt:3)
  25 blink frogs
  A blink frog (shapeshifter) (Elf:1)
  17 dream sheep
  7 snapping turtles
  A meliai zombie (Crypt:2)
  2 spriggans (Depths:3)
  7 flying skulls
  2 air elementals
  An ettin skeleton (Crypt:3)
  11 wraiths
  88 redbacks
  Sigmund (D:2)
  A tarantella (shapeshifter) (Elf:1)
  12 water elementals
  A shadow (D:11)
  56 yaks
  3 basilisks
  A vampire (D:13)
  A wyvern (shapeshifter) (Vaults:5)
  4 wyverns
  2 basilisks (shapeshifter)
  2 ynoxinuls (Depths:2)
  35 tarantellas
  9 fire elementals
  14 vampire mosquitoes
  A chaos spawn (Depths:2)
  A hog (D:9)
  A steam dragon (D:7)
  13 wargs
  A cane toad zombie (Crypt:3)
  A naga (D:9)
  An acid dragon (D:12)
  18 water moccasins
  A water nymph zombie (Crypt:2)
  Duvessa (D:4)
  2 hell hounds (D:12)
  A demonspawn skeleton (Crypt:3)
  2 ice beasts
  5 black bears
  53 orc warriors
  A dream sheep zombie (Crypt:3)
  An ettin simulacrum (Vaults:3)
  21 wolves
  9 ogres
  9 necrophages
  13 centaurs
  A hog zombie (Crypt:3)
  A komodo dragon zombie (Crypt:1)
  3 phantoms
  2 kobold brigands
  6 gnoll sergeants (D:12)
  7 bullfrogs
  A glowing shapeshifter simulacrum (Vaults:4)
  4 scorpions (Lair:2)
  Dowan (D:4)
  3 earth elementals
  7 water moccasin zombies
  A wyvern zombie (Crypt:2)
  A troll zombie (D:11)
  A warg skeleton (Crypt:1)
  7 killer bees
  A vampire bat (Lair:5)
  24 wights
  8 electric eels
  8 howler monkeys
  A crimson imp (D:4)
  A bullfrog zombie (D:7)
  4 bullfrog skeletons
  7 centaur skeletons
  3 hounds (D:10)
  A gnoll shaman (D:4)
  22 orc priests
  Natasha (thrice) (D:4)
  4 iguanas
  18 orc wizards
  A killer bee zombie (D:7)
  5 ogre zombies (D:11)
  A deep dwarf skeleton (Crypt:2)
  An acid dragon skeleton (Crypt:3)
  A hound skeleton (D:4)
  6 mummies
  4 howler monkey zombies
  5 gnolls
  19 adders
  A steam dragon zombie (Crypt:1)
  2 white imps
  An ufetubus (D:7)
  3 adder zombies (Ossuary)
  A worm zombie (Crypt:1)
  2 adder skeletons
  An iguana skeleton (Crypt:3)
  A lava snake skeleton (Crypt:2)
  4 worms
  2 dart slugs
  77 orcs
  8 ball pythons
  12 bats
  A bat skeleton (Crypt:3)
  5 endoplasms
  3 giant cockroaches
  12 hobgoblins
  4 jackals
  30 kobolds
  4 quokkas
  3 training dummies (Elf:3)
  6 frilled lizards
  8 goblins
  A goblin skeleton (D:11)
  A goblin zombie (D:11)
  2 hobgoblin skeletons (D:11)
  7 hobgoblin zombies
  6 kobold zombies (Ossuary)
  22 orc zombies
  6 rats
  A rat skeleton (Crypt:1)
  39 bushes
  9 tentacles
2458 creatures vanquished.

Vanquished Creatures (collateral kills)
  A tentacled monstrosity (Zot:2)
  An emperor scorpion (Spider:4)
  A very ugly thing (Vaults:3)
  A moth of wrath (Zot:4)
  A demonic crawler (Spider:1)
  A tarantella (Spider:3)
6 creatures vanquished.

Vanquished Creatures (others)
  A guardian mummy (Crypt:3)
  A bush (Lair:6)
  89 fungi
  338 plants
  3 tentacles (Shoals:1)
  5 withered plants (Crypt:3)
437 creatures vanquished.

Grand Total: 2901 creatures vanquished

Notes
Turn   | Place    | Note
-------+----------+-------------------------------------------
     0 | D:1      | lessens the Draconian Ice Elementalist began the quest for
                  | the Orb.
     0 | D:1      | Reached XP level 1. HP: 14/14 MP: 3/3
     4 | D:1      | Found a faded altar of an unknown god.
   324 | D:1      | Reached XP level 2. HP: 19/20 MP: 3/5
  1217 | D:2      | Reached XP level 3. HP: 26/26 MP: 5/7
  1359 | D:2      | Learned a level 3 spell: Frozen Ramparts
  1363 | D:2      | Learned a level 3 spell: Ozocubu's Armour
  1638 | D:2      | Reached XP level 4. HP: 33/33 MP: 5/8
  1811 | D:2      | Noticed Sigmund
  1824 | D:2      | Killed Sigmund
  1825 | D:2      | Reached skill level 5 in Ice Magic
  1825 | D:2      | Reached XP level 5. HP: 28/38 MP: 0/11
  2672 | D:3      | Reached XP level 6. HP: 45/45 MP: 9/12
  3402 | D:4      | Noticed Natasha
  3987 | D:4      | Killed Natasha
  3988 | D:4      | Reached skill level 5 in Spellcasting
  4060 | D:4      | Found a shimmering altar of Xom.
  4067 | D:4      | Your scales start taking on a dull iron-grey colour.
  4067 | D:4      | Reached XP level 7. HP: 50/50 MP: 14/14
  4392 | D:4      | Noticed Duvessa
  4393 | D:4      | Noticed Dowan
  4400 | D:4      | Killed Duvessa
  4409 | D:4      | Killed Dowan
  4447 | D:4      | Noticed Natasha
  4839 | D:4      | Killed Natasha
  4943 | D:4      | Reached XP level 8. HP: 57/57 MP: 15/17
  4964 | D:4      | Noticed Natasha
  4970 | D:4      | Killed Natasha
  5144 | D:4      | Noticed Grinder
  5145 | D:4      | Noticed Grinder
  5145 | D:4      | Grinder changed into Grinder the crimson imp
  5149 | D:4      | Killed Grinder the crimson imp
  5216 | D:5      | Entered Level 5 of the Dungeon
  5302 | D:5      | Found a staircase to the Ecumenical Temple.
  5309 | Temple   | Entered the Ecumenical Temple
  5438 | D:5      | Noticed Prince Ribbit
  5456 | D:5      | Killed Prince Ribbit
  5728 | D:5      | Learned a level 4 spell: Hailstorm
  6160 | D:5      | Found an ornate altar of the Wu Jian Council.
  6521 | D:6      | Found an ancient bone altar of Kikubaaqudgha.
  6531 | D:6      | Found a basalt altar of Yredelemnul.
  6533 | D:6      | Found a sparkling altar of Nemelex Xobeh.
  6662 | D:6      | Found a blossoming altar of Fedhas.
  6784 | D:6      | Reached XP level 9. HP: 57/62 MP: 20/20
  6987 | D:6      | Found Niuphe's Assorted Antiques.
  7367 | D:6      | Reached skill level 10 in Ice Magic
  7616 | D:7      | You fall into a shaft and drop 1 floor!
  7755 | D:8      | Reached skill level 1 in Conjurations
  7871 | D:8      | Noticed a deep elf pyromancer
  7883 | D:8      | Killed a deep elf pyromancer
  7884 | D:8      | Reached XP level 10. HP: 69/69 MP: 22/23
  7972 | D:7      | Found a sand-covered staircase.
  7988 | Ossuary  | Entered an ossuary
  8864 | D:7      | Found a broken altar of Ashenzari.
  9193 | D:8      | Noticed a centaur warrior
  9204 | D:8      | Killed a centaur warrior
  9205 | D:8      | Reached skill level 10 in Spellcasting
  9303 | D:8      | Noticed a five-headed hydra
  9323 | D:8      | Killed a five-headed hydra
  9416 | D:8      | Found a stormy altar of Qazlal.
  9734 | D:8      | Found a runed translucent gate.
  9735 | D:8      | Found a runed translucent gate.
  9736 | D:8      | Found a runed translucent gate.
  9745 | D:8      | Noticed robertstho's ghost (novice DjFE)
  9840 | D:8      | Found a shadowy altar of Dithmenos.
  9938 | D:8      | Reached skill level 5 in Conjurations
 10604 | D:9      | Found a bloodstained altar of Trog.
 10628 | D:9      | Noticed a two-headed ogre
 10640 | D:9      | Killed a two-headed ogre
 11054 | D:9      | Reached XP level 11. HP: 74/74 MP: 25/25
 11092 | D:10     | Entered Level 10 of the Dungeon
 11473 | D:10     | Noticed Snorg
 11715 | D:10     | Found a staircase to the Lair.
 11721 | D:10     | Upgraded the game from 0.28-a0-580-ga2639ab843 to
                  | 0.28-a0-687-gb91baff9cc
 11851 | Temple   | Became a worshipper of Sif Muna the Loreminder
 12178 | D:10     | Killed Snorg
 12274 | D:10     | Found a hide-covered altar of Uskayaw.
 12285 | D:10     | Noticed Erolcha
 12324 | D:10     | Killed Erolcha
 12585 | D:10     | Found a radiant altar of Vehumet.
 12730 | D:10     | Found an iron altar of Okawaru.
 13036 | D:11     | Reached * piety under Sif Muna
 13111 | D:11     | Found a staircase to the Orcish Mines.
 13114 | D:11     | Noticed a boulder beetle
 13563 | D:11     | Noticed a purple ugly thing
 13573 | D:11     | Killed a purple ugly thing
 13725 | D:11     | Killed a boulder beetle
 13726 | D:11     | Reached skill level 1 in Invocations
 13772 | D:11     | Noticed an obsidian statue
 13791 | D:11     | Reached XP level 12. HP: 79/81 MP: 22/27
 13849 | D:11     | Noticed a two-headed ogre
 13858 | D:11     | Killed a two-headed ogre
 14303 | D:11     | Reached ** piety under Sif Muna
 14843 | D:12     | Noticed a boulder beetle
 14855 | D:12     | Killed a boulder beetle
 15533 | D:12     | Noticed a boulder beetle
 15544 | D:12     | Killed a boulder beetle
 15681 | D:12     | Reached skill level 5 in Invocations
 15780 | D:12     | Noticed a two-headed ogre
 15792 | D:12     | Killed a two-headed ogre
 15915 | D:12     | Noticed a storm dragon
 15965 | D:12     | Identified the +2 quarterstaff of Malaise {venom, rF++ rC+}
 16011 | D:12     | Identified the ring "Zedoeh" {rC+ Will+ Dex+3}
 16045 | D:12     | Noticed a tengu warrior
 16057 | D:12     | Killed a tengu warrior
 16058 | D:12     | Reached skill level 10 in Conjurations
 16058 | D:12     | Reached *** piety under Sif Muna
 16235 | D:12     | Reached XP level 13. HP: 86/86 MP: 29/30
 17001 | Lair:1   | Entered Level 1 of the Lair of Beasts
 17153 | Lair:1   | Reached **** piety under Sif Muna
 17846 | Lair:1   | You fall into a shaft and drop 1 floor!
 18374 | Lair:2   | Noticed Sonja
 18504 | Lair:2   | Killed Sonja
 18786 | Lair:1   | Found a large runed translucent door.
 18786 | Lair:1   | Found a large runed translucent door.
 18796 | Lair:1   | Noticed Zihiad's ghost (journeyman DgTm)
 18929 | Lair:2   | You fall into a shaft and drop 2 floors!
 19402 | Lair:2   | Identified a scroll of acquirement
 19402 | Lair:2   | Acquired a staff of cold
 19614 | Lair:2   | Found a hole to the Spider Nest.
 19617 | Lair:2   | Reached ***** piety under Sif Muna
 19779 | Lair:3   | Noticed Urug
 19788 | Lair:3   | Killed Urug
 19800 | Lair:3   | You fall into a shaft and drop 3 floors!
 19800 | Lair:6   | Entered Level 6 of the Lair of Beasts
 19810 | Lair:6   | HP: 3/86 [cane toad (22)]
 19817 | Lair:6   | Found a staircase to the Slime Pits.
 20234 | Lair:6   | Reached XP level 14. HP: 72/93 MP: 10/32
 20411 | Lair:6   | Reached skill level 10 in Invocations
 20997 | Lair:5   | Received a gift from Sif Muna
 21000 | Lair:5   | Got Tautsan's Disquisition on Entrancing Poison {god gift}
 21007 | Lair:5   | Learned a level 5 spell: Metabolic Englaciation
 21104 | Lair:5   | Reached skill level 1 in Fighting
 21106 | Lair:5   | Reached skill level 1 in Staves
 21110 | Lair:5   | Reached skill level 1 in Hexes
 22141 | Lair:4   | Found a staircase to the Shoals.
 23072 | Lair:6   | Reached skill level 5 in Fighting
 23670 | Lair:6   | Reached skill level 5 in Staves
 24411 | Lair:6   | Received a gift from Sif Muna
 24413 | Lair:6   | Reached skill level 15 in Spellcasting
 24419 | Lair:6   | Got Ashic's Papyrus of Unstable Evil {god gift}
 24626 | Lair:6   | Identified the +7 whip of Shame {speed, +Blink Str+3}
 24696 | Lair:6   | Reached XP level 15. HP: 97/117 MP: 33/34
 25298 | Orc:1    | Entered Level 1 of the Orcish Mines
 25342 | Orc:1    | Noticed an orc warlord
 25355 | Orc:1    | Killed an orc warlord
 25503 | Orc:1    | Found a flagged portal.
 25517 | Bailey   | Entered a bailey
 26182 | Bailey   | Identified the +2 helmet of Milun {rPois Will- rCorr Int+7}
 26641 | Orc:2    | Entered Level 2 of the Orcish Mines
 26710 | Orc:2    | Found a staircase to the Elven Halls.
 27277 | Orc:2    | Received a gift from Sif Muna
 27284 | Orc:2    | Got Geweiso's Volume of Harmful Snow {god gift}
 27291 | Orc:2    | Learned a level 5 spell: Freezing Cloud
 27344 | Orc:2    | Learned a level 7 spell: Orb of Destruction
 27573 | Orc:2    | Paralysed by an orc sorcerer for 3 turns
 27594 | Orc:2    | Found Vipelohoim's Armour Shop.
 27594 | Orc:2    | Found Upa Ynn's General Store.
 27598 | Orc:2    | Found Uptenot's General Store.
 27598 | Orc:2    | Found Ulomaudu's Armour Shop.
 27604 | Orc:2    | Bought a potion of resistance for 120 gold pieces
 27662 | Orc:2    | Bought the +2 ratskin cloak {*Rats rPois rN+ Str-1 Int-1
                  | Dex+1} for 305 gold pieces
 27662 | Orc:2    | Found the +2 ratskin cloak {*Rats rPois rN+ Str-1 Int-1
                  | Dex+1}
 28340 | D:13     | Found a runed translucent door.
 28340 | D:13     | Noticed Guoxigoqam's ghost (journeyman DrTm)
 28662 | D:13     | Found Koklock's Assorted Antiques.
 28855 | D:13     | Noticed Josephine
 28862 | D:13     | Killed Josephine
 29250 | D:13     | Found a glowing silver altar of Zin.
 30513 | D:14     | Identified the +1 helmet "Pufaathru" {Str+6 Int+4}
 30519 | D:14     | Received a gift from Sif Muna
 30520 | D:14     | Got Sif Muna's Handbook of Combat Magic {god gift}
 30529 | D:14     | Learned a level 7 spell: Ozocubu's Refrigeration
 30604 | D:14     | Noticed a fire giant
 30612 | D:14     | Killed a fire giant
 30887 | D:14     | Upgraded the game from 0.28-a0-687-gb91baff9cc to
                  | 0.28-a0-751-gef3a642a4e
 31412 | D:14     | Found a gate to the Vaults.
 31418 | D:14     | Reached XP level 16. HP: 126/126 MP: 19/36
 31733 | D:15     | Entered Level 15 of the Dungeon
 31988 | D:15     | Found a staircase to the Depths.
 34009 | Spider:1 | Entered Level 1 of the Spider Nest
 34175 | Spider:1 | Received a gift from Sif Muna
 34176 | Spider:1 | Got Sif Muna's Volume of Calling and Ice {god gift}
 36216 | Spider:2 | Reached skill level 15 in Conjurations
 36496 | Spider:2 | Received a gift from Sif Muna
 38619 | Spider:3 | Reached skill level 15 in Ice Magic
 38714 | Spider:3 | Received a gift from Sif Muna
 39074 | Spider:3 | Reached XP level 17. HP: 113/132 MP: 21/38
 40511 | Spider:4 | Entered Level 4 of the Spider Nest
 40840 | Spider:4 | Received a gift from Sif Muna
 40842 | Spider:4 | Got Boagiug's Guide on Blistering Beguiling {god gift}
 44039 | Spider:4 | Got a gossamer rune of Zot
 44248 | Shoals:1 | Entered Level 1 of the Shoals
 44427 | Shoals:1 | Noticed a kraken
 44431 | Shoals:1 | Killed a kraken
 44757 | Shoals:1 | Noticed a kraken
 44763 | Shoals:1 | Killed a kraken
 45599 | Shoals:2 | Received a gift from Sif Muna
 45998 | Shoals:2 | Identified Roxanne's Volume of Transmigration
 45998 | Shoals:2 | Noticed Roxanne
 46006 | Shoals:2 | Killed Roxanne
 47551 | Shoals:3 | Reached XP level 18. HP: 121/139 MP: 12/40
 48367 | Shoals:3 | Acquired 871 gold pieces
 49254 | Shoals:4 | Entered Level 4 of the Shoals
 49716 | Shoals:4 | Upgraded the game from 0.28-a0-751-gef3a642a4e to
                  | 0.28-a0-769-g550dbda0cd
 50071 | Shoals:4 | Got a barnacled rune of Zot
 50289 | Shoals:4 | Found Supseoza's Magic Scroll Shoppe.
 50299 | Shoals:4 | Bought a scroll of teleportation for 63 gold pieces
 50299 | Shoals:4 | Bought a scroll of teleportation for 63 gold pieces
 50448 | Shoals:4 | Found a runed translucent door.
 50587 | Shoals:4 | Received a gift from Sif Muna
 50590 | Shoals:4 | Got Sif Muna's Collected Works on the Earthen Snowflakes
                  | {god gift}
 50814 | Shoals:4 | Identified the +6 plate armour of the Minstrel {rF++ Int+2}
 51470 | Shoals:4 | Noticed mathmaestro's ghost (adept TrMo)
 51483 | Shoals:4 | Killed mathmaestro's ghost
 51635 | Shoals:4 | Identified the ring "Pagrev" {Fly rC+ Str+6 SInv}
 51949 | Elf:1    | Entered Level 1 of the Elven Halls
 52274 | Elf:1    | Found Zassole's Assorted Antiques.
 52287 | Elf:1    | Bought a scroll of acquirement for 1404 gold pieces
 52287 | Elf:1    | Bought a potion of heal wounds for 135 gold pieces
 52287 | Elf:1    | Acquired a +2 pair of gloves of stealth
 53066 | Elf:1    | Paralysed by an air elemental for 1 turns
 53070 | Elf:1    | Paralysed by an air elemental for 1 turns
 53446 | Elf:2    | Received a gift from Sif Muna
 53826 | Elf:2    | Found Kush's Magic Scroll Shoppe.
 53832 | Elf:2    | Bought a scroll of acquirement for 780 gold pieces
 53832 | Elf:2    | Bought a scroll of blinking for 112 gold pieces
 53832 | Elf:2    | Acquired the ring "Zumip" {rPois EV+4 Str+6 Dex+2 SInv}
 53907 | Elf:2    | Got Sif Muna's Tome of Attacks {god gift}
 54086 | Elf:2    | Found a runed translucent gate.
 54086 | Elf:2    | Found a runed translucent gate.
 54086 | Elf:2    | Found a runed translucent gate.
 55001 | Elf:2    | Reached skill level 5 in Dodging
 55054 | Elf:2    | Reached XP level 19. HP: 151/151 MP: 36/42
 55846 | Elf:3    | Entered Level 3 of the Elven Halls
 56038 | Elf:3    | Identified the +2 robe of Death Resistance {rCorr Str-2
                  | Slay+2}
 56190 | Elf:3    | Found Myus's Firing Range.
 56335 | Elf:3    | Found Useikk's Weapon Emporium.
 56385 | Elf:3    | Found Liycuegg's Antique Weapon Shoppe.
 56515 | Elf:3    | Reached skill level 10 in Fighting
 58066 | Elf:3    | Identified the +10 scythe "Wuzxoho" {flame, rElec rF+
                  | Int+5}
 58165 | Elf:3    | Identified the +1 leather armour of the Hills {Rampage}
 58275 | Elf:3    | Identified the +5 long sword of Greed {protect, rElec rPois
                  | rC+}
 58287 | Elf:3    | Reached skill level 10 in Staves
 58615 | Elf:3    | Identified the +12 whip of Integrity {vamp, rF++ Str+4
                  | Stlth+}
 59164 | Elf:3    | Got the Almanac of the Creative Snowflakes
 59167 | Elf:3    | Got the Grimoire of Creative Displacement
 59170 | Elf:3    | Got Gummases's Catalogue of Changing and Dark Rites
 59660 | Vaults:1 | Entered Level 1 of the Vaults
 60237 | Vaults:1 | Received a gift from Sif Muna
 60777 | Vaults:1 | Found Lagirr's Book Shop.
 60974 | Vaults:1 | Noticed Asterion
 60980 | Vaults:1 | Killed Asterion
 61404 | Vaults:1 | Learned a level 2 spell: Blink
 62135 | Vaults:1 | Learned a level 6 spell: Iron Shot
 62373 | Vaults:1 | Reached XP level 20. HP: 163/168 MP: 29/43
 62536 | Vaults:1 | Reached skill level 1 in Earth Magic
 63507 | Vaults:2 | Found a transporter.
 63550 | Vaults:2 | Found a transporter.
 63739 | Vaults:2 | Received a gift from Sif Muna
 63743 | Vaults:2 | Got Robua's Almanac of Flying Companions {god gift}
 63896 | Vaults:2 | Reached skill level 5 in Earth Magic
 65061 | Vaults:2 | Identified the +0 ring mail of Ekesa {+Inv rN+ rCorr Dex+2}
 66334 | Vaults:3 | Found Rytun's Distillery.
 68045 | Vaults:3 | Found a staircase to the Crypt.
 68125 | Vaults:3 | Received a gift from Sif Muna
 68126 | Vaults:3 | Got Gainaurua's Tome of Ashen Contamination {god gift}
 68489 | Vaults:4 | Reached XP level 21. HP: 155/182 MP: 1/44
 68796 | Vaults:4 | Reached skill level 1 in Evocations
 69820 | Vaults:4 | Reached skill level 15 in Fighting
 70855 | Vaults:4 | Received a gift from Sif Muna
 70861 | Vaults:4 | Got Sif Muna's Volume of Icy Venom {god gift}
 71224 | Vaults:5 | Entered Level 5 of the Vaults
 71506 | Depths:1 | Entered Level 1 of the Depths
 71574 | Depths:1 | Gained mutation: Your spells are a little easier to cast,
                  | but a little less powerful. [a shining eye]
 71590 | Depths:1 | Lost mutation: Your spells are a little easier to cast, but
                  | a little less powerful. [potion of mutation]
 71590 | Depths:1 | Gained mutation: A frigid envelope surrounds you and
                  | freezes all who hurt you. [potion of mutation]
 71638 | Depths:1 | Found Daanag's Antique Armour Emporium.
 71901 | Depths:1 | Reached skill level 5 in Evocations
 72264 | Depths:1 | Noticed Mara
 72268 | Depths:1 | Noticed lessens's illusion
 72270 | Depths:1 | Killed Mara
 73534 | Depths:1 | Noticed Aizul
 73542 | Depths:1 | Killed Aizul
 73688 | Depths:1 | Found a gateway to Hell.
 74942 | Depths:2 | Found Gozag's Assorted Antiques.
 74953 | Depths:2 | Noticed a golden dragon
 74954 | Depths:2 | Found an opulent altar of Gozag.
 74958 | Depths:2 | Found Gozag's Antique Armour Shop.
 74959 | Depths:2 | Noticed Saint Roka
 74969 | Depths:2 | Killed Saint Roka
 75120 | Depths:2 | Found Gozag's Antique Weapon Shop.
 75153 | Depths:2 | Bought a runed hat for 700 gold pieces
 75289 | Depths:2 | Killed a golden dragon
 75466 | Depths:2 | Found a gateway to a ziggurat.
 75679 | Depths:2 | Found a one-way gate leading to the halls of Pandemonium.
 75884 | Depths:2 | Received a gift from Sif Muna
 75889 | Depths:2 | Got Sif Muna's Catalogue of the Dusty Frostbite {god gift}
 76483 | Depths:3 | Reached XP level 22. HP: 192/192 MP: 33/45
 76790 | Depths:3 | Identified the +2 tower shield of Folunu Ahaug {Harm Drain
                  | Dex+2 Stlth+}
 76790 | Depths:3 | Noticed Louise
 76794 | Depths:3 | Killed Louise
 77319 | Depths:3 | Identified the ring of Cikhoh {rN+ Str+4 SInv}
 77508 | Depths:3 | Noticed a juggernaut
 77516 | Depths:3 | Killed a juggernaut
 77653 | Depths:3 | Found a glowing silver altar of Zin.
 77746 | Depths:3 | Identified the +8 dagger "Ofoiv" {vorpal, Str+2 Int+2}
 77747 | Depths:3 | Identified the ring of Umem {*Slow rC+ Will+ Str+9}
 77750 | Depths:3 | Identified the +12 hand axe of the End {vamp, rPois Int+4}
 77785 | Depths:3 | Found a one-way gate to the infinite horrors of the Abyss.
 78958 | Depths:3 | Received a gift from Sif Muna
 78961 | Depths:3 | Got Sif Muna's Incunabulum of the Congealing Voyage {god
                  | gift}
 79359 | Depths:4 | Entered Level 4 of the Depths
 79675 | Depths:4 | Found Laroxtef's Jewellery Shop.
 79676 | Depths:4 | Found Ihueriwafe's Book Shoppe.
 79677 | Depths:4 | Found Jozetug's Jewellery Shop.
 79698 | Depths:4 | Noticed a golden dragon
 79987 | Depths:4 | Noticed a golden dragon
 81082 | Depths:4 | Acquired 1172 gold pieces
 81230 | Depths:4 | Noticed a golden dragon
 81238 | Depths:4 | Killed a golden dragon
 81397 | Depths:4 | Noticed a golden dragon
 81400 | Depths:4 | Killed a golden dragon
 81568 | Depths:4 | Killed a golden dragon
 81602 | Depths:4 | Killed a golden dragon
 82002 | Depths:4 | Found a runed translucent door.
 82043 | Depths:4 | Found a runed translucent door.
 82060 | Depths:4 | Found a runed translucent door.
 82138 | Depths:4 | Found a runed translucent door.
 82307 | Depths:4 | Found a runed translucent door.
 82332 | Depths:4 | Found a runed translucent door.
 82659 | Depths:4 | Reached XP level 23. HP: 169/197 MP: 28/47
 82775 | Depths:4 | Found a gate to the Realm of Zot.
 83376 | Vaults:5 | Received a gift from Sif Muna
 83647 | Vaults:5 | Noticed an ancient lich
 83678 | Vaults:5 | HP: 6/199 [ancient lich/crystal spear (116)]
 83682 | Vaults:5 | Killed an ancient lich
 84688 | Vaults:4 | Learned a level 9 spell: Polar Vortex
 84906 | Vaults:5 | Got Sif Muna's Collected Works on Hurtful Transmigration
                  | {god gift}
 85525 | Vaults:5 | Got a silver rune of Zot
 86229 | Vaults:5 | Received a gift from Sif Muna
 87223 | Crypt:1  | Entered Level 1 of the Crypt
 88354 | Crypt:1  | Noticed Sojobo
 88367 | Crypt:1  | Killed Sojobo
 88380 | Crypt:1  | Reached XP level 24. HP: 141/207 MP: 2/48
 89511 | Crypt:2  | Received a gift from Sif Muna
 91165 | Crypt:3  | Entered Level 3 of the Crypt
 91194 | Crypt:3  | Found a blossoming altar of Fedhas.
 91779 | Crypt:3  | Received a gift from Sif Muna
 91786 | Crypt:3  | Noticed a dread lich
 91788 | Crypt:3  | Got Sif Muna's Reference Book on Scorching Earth {god gift}
 91791 | Crypt:3  | Killed a dread lich
 91901 | Crypt:3  | Found the +7 pair of quick blades "Gyre" and "Gimble"
                  | {protect}
 91922 | Crypt:3  | Identified the amulet of Nafap {Spirit +Inv}
 91927 | Crypt:3  | Identified the ring "Erifur" {rPois Str-3 Int+6 Dex-4
                  | Stlth+}
 92416 | Crypt:3  | Found a staircase to the Tomb.
 94157 | Vaults:2 | Paralysed by a Zot trap for 4 turns
 94302 | Vaults:2 | Identified the amulet "Xeczoxki" {RegenMP Int+9}
 94305 | Vaults:2 | Identified the quicksilver dragon scales of the Slorg {Harm
                  | Will+ Dex+4}
 94309 | Vaults:2 | Identified the ring of the Moon {EV+4 Int+6 Dex+3 Slay-2}
 94715 | Zot:1    | Entered Level 1 of the Realm of Zot
 95131 | Zot:1    | Learned a level 9 spell: Death's Door
 95334 | Zot:1    | Received a gift from Sif Muna
 95335 | Zot:1    | Got Hibrul's Handbook of Ghastly Attacks {god gift}
 95769 | Zot:1    | Reached XP level 25. HP: 214/214 MP: 43/48
 96162 | Zot:1    | Found Ifankeuv's Changing Room.
 97305 | Zot:2    | Identified the amulet of Intercession {Acrobat rN+}
 97473 | Zot:2    | Identified the +6 broad axe "Ginerar" {vamp, rElec Int+4}
 98027 | Zot:2    | Noticed an orb of fire
 98029 | Zot:2    | Gained mutation: Your large and strong wings let you fly.
                  | [an orb of fire]
 98041 | Zot:2    | Killed an orb of fire
 99235 | Zot:3    | Received a gift from Sif Muna
 99236 | Zot:3    | Got Sif Muna's Volume of Icy Necromancy {god gift}
 99252 | Zot:3    | Learned a level 8 spell: Borgnjor's Revivification
 99895 | Zot:3    | Found the +2 robe of Vines {NoPotionHeal Regen+++}
 99909 | Zot:3    | Noticed a Killer Klown
 99925 | Zot:3    | Killed a Killer Klown
101178 | Zot:4    | Reached skill level 10 in Dodging
101355 | Zot:4    | Found a runed translucent gate.
101355 | Zot:4    | Found a runed translucent gate.
101355 | Zot:4    | Found a runed translucent gate.
101356 | Zot:4    | Found an opulent altar of Gozag.
101366 | Zot:4    | Noticed demibob's ghost (master OgBe)
101822 | Zot:4    | Noticed a Killer Klown
102787 | Zot:4    | Killed demibob's ghost
102880 | Zot:4    | Killed a Killer Klown
103049 | Zot:5    | Entered Level 5 of the Realm of Zot
103538 | Zot:5    | Reached XP level 26. HP: 227/228 MP: 37/48
103599 | Zot:5    | Noticed a dread lich
103602 | Zot:5    | Paralysed by a dread lich for 2 turns
103606 | Zot:5    | Killed a dread lich
103716 | Zot:5    | Noticed an orb of fire
103732 | Zot:5    | Gained mutation: Your body sometimes deteriorates upon
                  | taking damage. [an orb of fire]
103733 | Zot:5    | Killed an orb of fire
104618 | Zot:5    | Received a gift from Sif Muna
104624 | Zot:5    | Noticed an orb of fire
104627 | Zot:5    | Gained mutation: You sometimes lose the ability to read
                  | scrolls when taking damage. [an orb of fire]
104632 | Zot:5    | Noticed a dread lich
104633 | Zot:5    | HP: 11/232 [Orb Guardian (4)]
104634 | Zot:5    | Mangled by an Orb Guardian

Illustrated notes

Levels and vault maps discovered:
D:1:      wander_arrival_lonely_grave, layout_rooms,
          dreamdust_ecumenical_altar_grove
D:2:      layout_rooms, minmay_randomly_rotated_circles, uniq_sigmund
D:3:      layout_basic, serial_bayou_pond_c
D:4:      layout_basic, lemuel_doored_altar, uniq_natasha, uniq_duvessa,
          uniq_grinder
D:5:      layout_loops_ring, old_standard_altar, minmay_temple_entry_ruins,
          uniq_prince_ribbit1
D:6:      layout_loops_ring, mainiacjoe_overflow_alcove_1,
          mainiacjoe_overflow_paths, grunt_temple_overflow_open, serial_shops,
          shop_statue, grunt_potential
D:7:      layout_cave_pods, kennysheep_mini_moat, enter_ossuary_1
D:8:      minmay_blocky_corners, layout_basic, nicolae_qazlal_scattered_showers,
          nicolae_dithmenos_the_darkroom, serial_glass, glass_columns_a,
          glass_columns_b, glass_columns_b, glass_columns_b,
          gammafunk_ghost_split
D:9:      layout_stronghold, lightli_temple_of_fire
D:10:     layout_gridville, okawaru_trees_2,
          chequers_temple_overflow_statue_of_worship, erik_lair_island,
          minmay_misc_feat_square, uniq_erolcha, uniq_snorg
D:11:     layout_basic, zombieorc1_lemuel, minmay_statue_bubble
D:12:     lemuel_castle_with_subvaults [lemuel_castle_interior_original],
          layout_irregular_city, grunt_decor_resistance,
          hangedman_abyss_or_decor_slice
D:13:     layout_basic, serial_shops, nicolae_stop_n_shop_1,
          hellmonk_ghost_big_iron, zin_academy, uniq_josephine
D:14:     layout_roguey [special_room_orc], grunt_vaults_entry_fortified,
          roderic_roman_lattice, evilmike_minifort
D:15:     grunt_enter_depths_magical_seal, layout_long_grid
Temple:   kb_temple_of_zot
Lair:1:   layout_long_grid, ebering_ghost_disaster_area, minivault_26,
          grunt_megastairs_3
Lair:2:   minmay_lair_venomous_thicket, layout_cave_shapes,
          nicolae_spider_entry_non_spiders, dpeg_stationary_puzzle,
          grunt_megastairs_2, uniq_sonja
Lair:3:   layout_misc_corridors, uniq_urug
Lair:4:   layout_cave_pods, minmay_shoals_entry_hut, lemuel_old_faithful,
          infiniplex_staircase_pool_2
Lair:5:   layout_loops_ring, roderic_batcave, st_stairs_12, minmay_lindwurm_lava
Lair:6:   minmay_lair_end_frog_pond, layout_gridlike, slime_dummy
Shoals:1: layout_shoals
Shoals:2: layout_shoals, uniq_roxanne
Shoals:3: layout_shoals
Shoals:4: shoals_end_simple, layout_shoals, ebering_ghost_reflecting_pool,
          serial_shops, nicolae_shop_temple_entry_statues_fountains,
          nicolae_shoals_dead_sea_scrolls
Spider:1: layout_spider_delve, hellmonk_watch_for_rolling_rocks
Spider:2: layout_spider_delve, nicolae_spider_bug_shape
Spider:3: layout_chambers, nicolae_spider_baby_got_redback
Spider:4: grunt_spider_rune_circles, nicolae_spider_moth_buddies
Orc:1:    layout_diamond_mine, enter_bailey_2
Orc:2:    grunt_orc_tribal_feast, layout_caves, basic_altar
Elf:1:    eino_elf_arrival_customs, layout_geoelf_octagon, serial_shops,
          shop_statue, minivault_28
Elf:2:    elven_hall_of_blades_hangedman_original
          [nicolae_blade_entry_sentries_behind_glass], layout_gridlike,
          serial_sigils, serial_sigils_hangedman_confine,
          serial_sigils_hangedman_shear, serial_sigils_hangedman_leer,
          serial_sigils_hangedman_stare, minmay_shop_grid_forest
Elf:3:    minmay_elf_hall_statues, layout_geoelf_octagon,
          nicolae_shop_firing_range, minmay_shoptagon
Vaults:1: vaults_room_octagon, ontoclasm_vaults_ligature,
          nicolae_vaults_murderbox, ontoclasm_vaults_gateway,
          vaults_dpeg_encased_lava, nicolae_vaults_gold_heap,
          hangedman_vaults_cutoff, layout_vaults_omnigrid, serial_shops,
          nicolae_shop_trees, uniq_asterion
Vaults:2: hangedman_vaults_pinch, vaults_room_large_hall, vaults_room_octagon,
          gammafunk_its_a_trap, nicolae_vaults_rhombus_7,
          nicolae_vaults_diagonal_hallway_7, v_misc_3, vaults_room_door_ring,
          nicolae_vaults_shelves_hall, nicolae_vaults_theta,
          layout_vaults_chaotic_city, serial_glass
Vaults:3: v_rooms_5, minmay_crypt_entry_simple_corners, ontoclasm_vaults_idyll,
          hangedman_vaults_maws, ontoclasm_vaults_ring_square, v_misc_29,
          grunt_vaults_bifocal, ontoclasm_vaults_idyll, v_misc_18,
          ontoclasm_vaults_shuriken, ontoclasm_vaults_gallery,
          layout_vaults_ring, serial_shops, nicolae_shop_statue_plus
Vaults:4: infiniplex_enter_wizlab_spiral, nicolae_vaults_little_ls, v_misc_1,
          v_misc_32, vaults_mumra_minichess_inversion,
          ontoclasm_vaults_ring_square, grunt_vaults_funnel,
          nicolae_vaults_little_squares_4, hangedman_vaults_nails,
          vaults_room_corners, serial_ice_g, layout_vaults_omnibox
Vaults:5
Crypt:1:  layout_misc_corridors, uniq_sojobo
Crypt:2:  layout_gridlike, minmay_guarded_unrand_curses
Crypt:3:  due_elkab, layout_chaotic_city, tomb_entry_simple_bobbens,
          nicolae_crypt_fedhas_prevails
Depths:1: layout_gridlike, pf_hell_entry_tar_spiral, serial_shops,
          nicolae_diamond_shop, statue_in_the_mist_lemuel,
          minmay_misc_feat_tower, minivault_15, grunt_decor_arrowhead,
          serial_bayou_pond_a, minmay_metal_thing, uniq_aizul, uniq_mara
Depths:2: kennysheep_gozag_temple, layout_long_grid, enter_ziggurat_d,
          rand_demon_pan_entry_9, hangedman_geh_valley, minmay_staircase_bubble,
          uniq_saint_roka
Depths:3: minmay_the_grid_3x2 [minmay_the_grid_mess,
          minmay_the_grid_pillar_ring, minmay_the_grid_tri_star,
          minmay_the_grid_medium_cups, minmay_the_grid_dragon_a,
          minmay_the_grid_prize_diamond_cup], layout_cave_pools, hell_entry,
          nicolae_abyss_entry_one_way_or_another, kennysheep_crisscross,
          grunt_ministairs_1, lemuel_statue_altar, infiniplex_staircase_diamond
Depths:4: evilmike_zot_entry_castle, layout_gridlike,
          wad_floor_pattern_untrapped, hellmouth_1, minmay_shop_grove
Zot:1:    layout_basic, nicolae_transmutations_shop
Zot:2:    layout_gridlike, st_small_dragon_hoard_4, grunt_megastairs_4
Zot:3:    grunt_zot_stairs_overgrown, layout_onion_interference
Zot:4:    layout_twisted_circle, ebering_ghost_gozag, st_single_dragon_hoard_2
Zot:5:    layout_misc_corridors

Skill      XL: |  1  2  3  4  5  6  7  8  9 10 11 12 13 14 15 16 17 18 19 20 21 22 23 24 25 26 |
---------------+-------------------------------------------------------------------------------+-----
Spellcasting   | 3 4 5 6 7 9 10 11 13 14 15 16 17 18 19 20 21 | 21.2
Ice Magic      | 5 6 7 9 11 12 13 15 16 17 18 19 21 23 | 23.5
Conjurations   | 2 5 8 10 12 14 15 16 17 18 19 21 23 | 23.7
Invocations    | 1 7 9 10 13 14 | 14.1
Fighting       | 6 7 9 12 14 15 17 | 17.8
Staves         | 6 8 11 13 14 | 14.0
Hexes          | 2 |  2.8
Dodging        | 5 8 10 11 | 11.9
Earth Magic    | 9 |  9.0
Evocations     | 5 |  5.0
Stealth        | |  1.7

Action                   |  1- 3 |  4- 6 |  7- 9 | 10-12 | 13-15 | 16-18 | 19-21 | 22-24 | 25-27 || total
-------------------------+-------+-------+-------+-------+-------+-------+-------+-------+-------++-------
Melee: Unarmed           |     2 |       |       |       |       |       |       |       |       ||     2
       Short sword       |     8 |    16 |   139 |   386 |       |       |       |       |       ||   549
       Tailslap          |     1 |     2 |    21 |    39 |    18 |    44 |    33 |    89 |    12 ||   259
       Quarterstaff      |       |       |       |     8 |    85 |   230 |   154 |   470 |    66 ||  1013
       Staff             |       |       |       |       |    66 |       |       |       |       ||    66
Throw: Dart              |       |       |     6 |    15 |    11 |       |       |       |       ||    32
       Javelin           |       |       |       |     9 |       |       |       |       |       ||     9
 Cast: Freeze            |    52 |    71 |   108 |   226 |   539 |       |       |       |       ||   996
       Frozen Ramparts   |       |     4 |    11 |    32 |    91 |       |       |       |       ||   138
       Ozocubu's Armour  |       |       |    17 |    54 |    76 |     2 |       |       |       ||   149
       Hailstorm         |       |       |       |    71 |   238 |       |       |     6 |       ||   315
       Ozocubu's Refrige |       |       |       |       |    17 |   452 |   464 |   242 |   144 ||  1319
       Orb of Destructio |       |       |       |       |    14 |   124 |   143 |   193 |    83 ||   557
       Freezing Cloud    |       |       |       |       |    10 |     6 |     1 |       |     1 ||    18
       Iron Shot         |       |       |       |       |       |       |    51 |   225 |    64 ||   340
       Polar Vortex      |       |       |       |       |       |       |       |    41 |    18 ||    59
       Blink             |       |       |       |       |       |       |       |       |     6 ||     6
Invok: Channel Magic     |       |       |       |       |     6 |       |     8 |    19 |     7 ||    40
Evoke: Wand              |       |       |     1 |     4 |    13 |     2 |       |       |       ||    20
       Phial of floods   |       |       |       |       |     1 |       |       |       |       ||     1
       Condenser vane    |       |       |       |       |       |       |       |     1 |       ||     1
       Phantom mirror    |       |       |       |       |       |       |       |       |     1 ||     1
  Use: Scroll            |       |       |     5 |    10 |    20 |     8 |     2 |    12 |     5 ||    62
       Potion            |       |       |       |     3 |    10 |     1 |     3 |    10 |     1 ||    28
 Stab: Sleeping          |       |       |       |     2 |     1 |     2 |     3 |       |       ||     8
       Distracted        |       |       |       |       |       |       |     2 |       |     1 ||     3
Armor: Skin              |    17 |    23 |   128 |   397 |   526 |   456 |   195 |   424 |   129 ||  2295
Dodge: Dodged            |    42 |    50 |   157 |   496 |   586 |   306 |   269 |   567 |   171 ||  2644

Table legend: (Time is in decaauts)
 A = Elapsed time spent in this place.
 B = Non-inter-level travel time spent in this place.
 C = Inter-level travel time spent in this place.
 D = Time resting spent in this place.
 E = Time spent auto-exploring this place.
 F = Levels seen in this place.
 G = Mean time per level.
                   A        B        C        D        E       F      G
               +--------+--------+--------+--------+--------+-----+--------+
         Total | 104557 |  98962 |   5595 |   8402 |  74425 |  54 | 1936.2 |
       Dungeon |  23025 |  20946 |   2079 |    642 |  16553 |  15 | 1535.0 |
        Temple |    147 |     70 |     77 |      0 |     63 |   1 |  147.0 |
          Lair |   8818 |   8167 |    651 |    839 |   5395 |   6 | 1469.7 |
        Shoals |   7460 |   7275 |    185 |    487 |   6196 |   4 | 1865.0 |
   Spider Nest |   9870 |   9404 |    466 |   1566 |   6478 |   4 | 2467.5 |
  Orcish Mines |   2294 |   1947 |    347 |     26 |   1423 |   2 | 1147.0 |
   Elven Halls |   7493 |   7172 |    321 |    214 |   6041 |   3 | 2497.7 |
        Vaults |  16114 |  15325 |    789 |   1384 |  11754 |   5 | 3222.8 |
         Crypt |   6695 |   6539 |    156 |    320 |   4763 |   3 | 2231.7 |
        Depths |  12127 |  11728 |    399 |   1756 |   8397 |   4 | 3031.8 |
           Zot |   9521 |   9400 |    121 |   1155 |   6723 |   5 | 1904.2 |
       Ossuary |    268 |    268 |      0 |      0 |    101 |   1 |  268.0 |
        Bailey |    720 |    720 |      0 |     13 |    537 |   1 |  720.0 |
               +--------+--------+--------+--------+--------+-----+--------+

Top non-repeatable levels by time:
Depths:4: 4150 daAuts
Vaults:4: 3529 daAuts
   Elf:3: 3505 daAuts
Vaults:2: 3496 daAuts
Vaults:1: 3203 daAuts
Vaults:5: 3108 daAuts
Spider:3: 3105 daAuts
Depths:2: 2983 daAuts
Depths:1: 2883 daAuts
Vaults:3: 2777 daAuts
Spider:4: 2729 daAuts
  Lair:6: 2659 daAuts
 Crypt:3: 2651 daAuts
Spider:1: 2502 daAuts
   Zot:4: 2460 daAuts
